[Event "SWE-ch Class 1 2019"]
[Site "Eskilstuna"]
[Date "2019.07.10"]
[Round "3.2"]
[White "Forsberg, Andre"]
[Black "Nordstrom, Felix"]
[Result "1/2-1/2"]
[ECO "B42"]
[WhiteElo "1982"]
[BlackElo "2064"]
[Annotator "NA"]
[PlyCount "35"]
[EventDate "2019.07.06"]
[EventType "tourn"]
[EventCountry "SWE"]
[SourceTitle "playchess.com"]
[Source "ChessBase"]
[SourceQuality "1"]
[TimeControl "40/5400+30:1800+30"]

1. e4 c5 2. Nf3 e6 3. d4 cxd4 4. Nxd4 a6 5. Bd3 d5 6. exd5 Qxd5 7. O-O Nd7 8. c3 Ngf6 9. Nd2 Be7 10. Bc2 O-O 11. N2f3 Re8 12. Bg5 Ne5 13. Re1 Nxf3+ 14. Nxf3 Rd8 15. Qxd5 Nxd5 16. Bxe7 Nxe7 17. Rad1 Bd7 18. Ne5 1/2-1/2

[Event "SWE-ch Class 1 2019"]
[Site "Eskilstuna"]
[Date "2019.07.10"]
[Round "3.3"]
[White "Lyngsjo, Hakan"]
[Black "Bjorkman, Filip"]
[Result "1/2-1/2"]
[ECO "B52"]
[WhiteElo "2029"]
[BlackElo "1956"]
[Annotator "NA"]
[PlyCount "92"]
[EventDate "2019.07.06"]
[EventType "tourn"]
[EventCountry "SWE"]
[SourceTitle "playchess.com"]
[Source "ChessBase"]
[SourceQuality "1"]
[TimeControl "40/5400+30:1800+30"]

1. e4 c5 2. Nf3 d6 3. Bb5+ Bd7 4. Bxd7+ Nxd7 5. O-O Ngf6 6. Qe2 Rc8 7. Rd1 e6 8. b3 Be7 9. Bb2 Qc7 10. c4 e5 11. Nc3 Nf8 12. Nd5 Qd8 13. Ne1 Ne6 14. Nd3 O-O 15. Rf1 Nxd5 16. exd5 Nd4 17. Bxd4 exd4 18. f4 Re8 19. Nf2 Bh4 20. Qf3 Bxf2+ 21. Qxf2 Rc7 22. Rfe1 Rce7 23. Rxe7 Qxe7 24. Kf1 Qe4 25. Re1 Qd3+ 26. Kg1 Re4 27. Rxe4 Qxe4 28. Kf1 Kf8 29. Qh4 Ke8 30. Qe1 Qxe1+ 31. Kxe1 Ke7 32. Ke2 f5 33. a3 a6 34. b4 b5 35. Kd3 Kd7 36. cxb5 axb5 37. Kc2 c4 38. Kb2 Ke7 39. Kc2 Kf6 40. Kb2 h6 41. g3 g5 42. Kc2 gxf4 43. gxf4 Kg6 44. d3 Kf7 45. dxc4 bxc4 46. a4 Ke7 1/2-1/2

[Event "SWE-ch Class 1 2019"]
[Site "Eskilstuna"]
[Date "2019.07.10"]
[Round "3.4"]
[White "Attefall, Fredrik"]
[Black "Halvarsson, Peter"]
[Result "1/2-1/2"]
[ECO "B38"]
[WhiteElo "2077"]
[BlackElo "1903"]
[Annotator "NA"]
[PlyCount "33"]
[EventDate "2019.07.06"]
[EventType "tourn"]
[EventCountry "SWE"]
[SourceTitle "playchess.com"]
[Source "ChessBase"]
[SourceQuality "1"]
[TimeControl "40/5400+30:1800+30"]

1. e4 c5 2. Nf3 g6 3. d4 cxd4 4. Nxd4 Bg7 5. c4 Nc6 6. Be3 Nf6 7. Nc3 d6 8. Be2 Bd7 9. O-O O-O 10. Qd2 a5 11. f3 a4 12. Nd5 Nxd5 13. cxd5 Nxd4 14. Bxd4 Bxd4+ 15. Qxd4 Qa5 16. Rac1 Rac8 17. g4 1/2-1/2

[Event "SWE-ch Class 1 2019"]
[Site "Eskilstuna"]
[Date "2019.07.10"]
[Round "3.5"]
[White "Jonsson, Krister"]
[Black "Carlsson, Gustav"]
[Result "1-0"]
[ECO "A39"]
[WhiteElo "2068"]
[BlackElo "1982"]
[Annotator "NA"]
[PlyCount "93"]
[EventDate "2019.07.06"]
[EventType "tourn"]
[EventCountry "SWE"]
[SourceTitle "playchess.com"]
[Source "ChessBase"]
[SourceQuality "1"]
[TimeControl "40/5400+30:1800+30"]

1. Nf3 Nf6 2. c4 c5 3. Nc3 Nc6 4. g3 g6 5. Bg2 Bg7 6. O-O O-O 7. d4 cxd4 8. Nxd4 Qb6 9. Nb3 d6 10. Be3 Qb4 11. c5 d5 12. Nxd5 Nxd5 13. Qxd5 Be6 14. Qd2 Bxb3 15. axb3 Qxb3 16. Ra3 Qb5 17. Qd3 Qxd3 18. Rxd3 Ne5 19. Rb3 Nc4 20. Bxb7 Nxe3 21. Rxe3 Bd4 22. Bxa8 Bxe3 23. fxe3 Rxa8 24. b4 Rb8 25. Rb1 a6 26. Kf2 Kf8 27. Ke1 Ke8 28. Kd2 Kd7 29. Kc3 Kc6 30. Ra1 Ra8 31. Kc4 h6 32. e4 Ra7 33. e5 Ra8 34. e4 h5 35. h3 Ra7 36. Rf1 Rb7 37. Rxf7 a5 38. bxa5 Rb1 39. Rxe7 Rc1+ 40. Kd4 Rd1+ 41. Ke3 Kxc5 42. a6 Ra1 43. a7 g5 44. Rc7+ Kb6 45. Rd7 Kc6 46. e6 Ra3+ 47. Kd4 1-0

[Event "SWE-ch Class 1 2019"]
[Site "Eskilstuna"]
[Date "2019.07.10"]
[Round "3.6"]
[White "Magnussen, Pal"]
[Black "Arvidsson, Jonas"]
[Result "1/2-1/2"]
[ECO "C54"]
[WhiteElo "1985"]
[BlackElo "1965"]
[Annotator "NA"]
[PlyCount "55"]
[EventDate "2019.07.06"]
[EventType "tourn"]
[EventCountry "SWE"]
[SourceTitle "playchess.com"]
[Source "ChessBase"]
[SourceQuality "1"]
[TimeControl "40/5400+30:1800+30"]

1. e4 e5 2. Bc4 Nc6 3. Nf3 Bc5 4. c3 Nf6 5. d3 d6 6. O-O a6 7. b4 Ba7 8. Nbd2 O-O 9. Re1 Qe7 10. Nf1 Ng4 11. Re2 Be6 12. Ng3 h6 13. h3 Nf6 14. Bb3 Qd7 15. Bc2 d5 16. exd5 Nxd5 17. Qe1 Nf4 18. Rxe5 Nxg2 19. Qe4 f5 20. Qe2 Nxe5 21. Nxe5 Qd5 22. Bb3 Qd6 23. Bxe6+ Qxe6 24. Kxg2 f4 25. Nf3 Qg6 26. Ne5 Qe6 27. Nf3 Qg6 28. Ne5 1/2-1/2

[Event "SWE-ch Class 1 2019"]
[Site "Eskilstuna"]
[Date "2019.07.10"]
[Round "3.7"]
[White "Thollin, Robert"]
[Black "Akerlund, Fredrik"]
[Result "1/2-1/2"]
[ECO "C02"]
[WhiteElo "1983"]
[BlackElo "1815"]
[Annotator "NA"]
[PlyCount "51"]
[EventDate "2019.07.06"]
[EventType "tourn"]
[EventCountry "SWE"]
[SourceTitle "playchess.com"]
[Source "ChessBase"]
[SourceQuality "1"]
[TimeControl "40/5400+30:1800+30"]

1. e4 e6 2. d4 d5 3. e5 c5 4. c3 Nc6 5. Nf3 Qb6 6. Be2 Bd7 7. O-O cxd4 8. cxd4 Nge7 9. b3 Nf5 10. Bb2 Be7 11. Kh1 h5 12. Qd2 h4 13. Rd1 f6 14. h3 fxe5 15. Nxe5 Nxe5 16. dxe5 O-O-O 17. Bg4 Rdf8 18. Nc3 Kb8 19. Na4 Bxa4 20. bxa4 Bb4 21. Qe2 Bc5 22. Rab1 Bxf2 23. Bxf5 Rxf5 24. Bd4 Qxd4 25. Rxd4 Bxd4 26. Qb5 1/2-1/2

[Event "SWE-ch Class 1 2019"]
[Site "Eskilstuna"]
[Date "2019.07.10"]
[Round "3.8"]
[White "Karlsson, Roger"]
[Black "Muganlinskij, Hussein"]
[Result "0-1"]
[ECO "B12"]
[WhiteElo "1915"]
[BlackElo "2022"]
[Annotator "NA"]
[PlyCount "74"]
[EventDate "2019.07.06"]
[EventType "tourn"]
[EventCountry "SWE"]
[SourceTitle "playchess.com"]
[Source "ChessBase"]
[SourceQuality "1"]
[TimeControl "40/5400+30:1800+30"]

1. e4 c6 2. d4 d5 3. e5 c5 4. c3 Nc6 5. f4 cxd4 6. cxd4 Nh6 7. Bb5 e6 8. Nf3 Nf5 9. g4 Nh4 10. O-O h5 11. Nxh4 Qxh4 12. g5 Bd7 13. Be2 Rc8 14. Be3 Qh3 15. Rf3 Qf5 16. Bd3 Qg4+ 17. Kh1 Nxd4 18. Bxd4 Rc1 19. Qxc1 Qxf3+ 20. Kg1 Qxd3 21. Bxa7 Bc6 22. Qd2 Qc4 23. Nc3 Bc5+ 24. Bxc5 Qxc5+ 25. Qf2 Qc4 26. Rd1 O-O 27. Qd4 Qa6 28. Rf1 g6 29. Rf2 Rc8 30. b3 Bd7 31. Rf3 Qa3 32. Rf1 Qb2 33. Nb5 Qe2 34. Nd6 Qg4+ 35. Kh1 Rc2 36. Qg1 Qe2 37. Re1 Qf3+ {[%emt 0:00:16] Rf1 Qe2} 0-1

[Event "SWE-ch Class 1 2019"]
[Site "Eskilstuna"]
[Date "2019.07.10"]
[Round "3.9"]
[White "Eriksson, Joel"]
[Black "Johansson, Roland"]
[Result "1-0"]
[ECO "A80"]
[WhiteElo "1998"]
[BlackElo "2002"]
[Annotator "NA"]
[PlyCount "73"]
[EventDate "2019.07.06"]
[EventType "tourn"]
[EventCountry "SWE"]
[SourceTitle "playchess.com"]
[Source "ChessBase"]
[SourceQuality "1"]
[TimeControl "40/5400+30:1800+30"]

1. d4 f5 2. Bg5 Nf6 3. Bxf6 exf6 4. e3 Qe7 5. Nc3 c6 6. Nh3 d5 7. Nf4 g6 8. h4 Bh6 9. g3 Nd7 10. Qd2 Nb6 11. O-O-O Bd7 12. Nb1 O-O-O 13. Na3 Kb8 14. Qa5 Bf8 15. Nd3 Qe4 16. Be2 Bd6 17. Kb1 Bc7 18. Qb4 Rhe8 19. Nc5 Qe7 20. c4 Bc8 21. Bf3 Ka8 22. Rc1 Bd6 23. Rhd1 Bxc5 24. dxc5 Nxc4 25. Nxc4 dxc4 26. Qxc4 Be6 27. Qb4 Qf7 28. Qa5 Rd7 29. Rd6 Rxd6 30. cxd6 Qd7 31. Rd1 Rc8 32. Rd4 Qd8 33. Qa3 Qb6 34. d7 Rd8 35. Qd6 c5 36. Rd1 Rxd7 37. Qf8+ 1-0

[Event "SWE-ch Class 1 2019"]
[Site "Eskilstuna"]
[Date "2019.07.10"]
[Round "3.10"]
[White "Carnstam, Tomas"]
[Black "Grundel, Sam"]
[Result "0-1"]
[ECO "A53"]
[WhiteElo "1967"]
[BlackElo "2069"]
[Annotator "NA"]
[PlyCount "78"]
[EventDate "2019.07.06"]
[EventType "tourn"]
[EventCountry "SWE"]
[SourceTitle "playchess.com"]
[Source "ChessBase"]
[SourceQuality "1"]
[TimeControl "40/5400+30:1800+30"]

1. c4 Nf6 2. Nc3 c6 3. e4 d6 4. d4 Nbd7 5. f4 e5 6. dxe5 dxe5 7. fxe5 Nxe5 8. Qxd8+ Kxd8 9. Nf3 Bd6 10. Be3 Kc7 11. c5 Nxf3+ 12. gxf3 Be5 13. O-O-O Be6 14. Ne2 Rad8 15. Rxd8 Kxd8 16. f4 Bc7 17. Nc3 g6 18. Be2 Ke7 19. Rf1 Ng4 20. Bg1 h5 21. f5 Bc8 22. f6+ Kd8 23. Rd1+ Bd7 24. h3 Ne5 25. b4 Kc8 26. Bf1 Nf3 27. Be3 Be5 28. Ne2 Bxf6 29. Bg2 Ne5 30. Rf1 Bg7 31. Bd4 Be6 32. Kb1 Bc4 33. Rf2 Rd8 34. Bxe5 Bxe5 35. Nc1 Rd1 36. Kc2 Rg1 37. Nd3 Bd4 38. Rd2 Bxa2 39. Nc1 Be3 0-1

[Event "SWE-ch Class 1 2019"]
[Site "Eskilstuna"]
[Date "2019.07.11"]
[Round "4.1"]
[White "Bernhard, Jonathan"]
[Black "Nordstrom, Felix"]
[Result "0-1"]
[ECO "D45"]
[WhiteElo "1917"]
[BlackElo "2064"]
[Annotator "NA"]
[PlyCount "74"]
[EventDate "2019.07.06"]
[EventType "tourn"]
[EventCountry "SWE"]
[SourceTitle "playchess.com"]
[Source "ChessBase"]
[SourceQuality "1"]
[TimeControl "40/5400+30:1800+30"]

1. Nf3 d5 2. e3 Nf6 3. c4 c6 4. Nc3 e6 5. b3 Bd6 6. d4 Nbd7 7. Bb2 O-O 8. Be2 Qe7 9. Qc1 dxc4 10. bxc4 e5 11. O-O Re8 12. Re1 e4 13. Nd2 Nf8 14. f3 exf3 15. Bxf3 Ng4 16. Nf1 Qh4 17. h3 Nf2 18. Qd2 Nxh3+ 19. gxh3 Bxh3 20. Bg2 Bxg2 21. Qxg2 Re6 22. Re2 Rg6 23. d5 Qxc4 24. Rd1 Be5 25. Nd2 Qb4 26. Nde4 Rxg2+ 27. Rxg2 f5 28. dxc6 fxe4 29. Nd5 Qd6 30. Bxe5 Qxe5 31. c7 Ng6 32. Nb6 axb6 33. Rd8+ Kf7 34. Rc2 Qg5+ 35. Rg2 Qxd8 36. cxd8=Q Rxd8 37. Rb2 Rd6 0-1

[Event "SWE-ch Class 1 2019"]
[Site "Eskilstuna"]
[Date "2019.07.11"]
[Round "4.3"]
[White "Halvarsson, Peter"]
[Black "Forsberg, Andre"]
[Result "0-1"]
[ECO "C29"]
[WhiteElo "1903"]
[BlackElo "1982"]
[Annotator "NA"]
[PlyCount "88"]
[EventDate "2019.07.06"]
[EventType "tourn"]
[EventCountry "SWE"]
[SourceTitle "playchess.com"]
[Source "ChessBase"]
[SourceQuality "1"]
[TimeControl "40/5400+30:1800+30"]

1. e4 e5 2. Nc3 Nf6 3. f4 d5 4. fxe5 Nxe4 5. Qf3 Nc6 6. Bb5 Nxc3 7. bxc3 Qh4+ 8. g3 Qe4+ 9. Qxe4 dxe4 10. Bxc6+ bxc6 11. Ne2 Be7 12. Rf1 O-O 13. Rf4 f5 14. exf6 Bxf6 15. Nd4 c5 16. Nb3 e3 17. Nxc5 Re8 18. d4 Bg5 19. Rf1 Bh3 20. Rg1 Rf8 21. Nd3 Rae8 22. Ba3 Rf6 23. Rb1 e2 24. Nf2 Be3 25. Nxh3 Bxg1 26. Nf4 g5 27. Kd2 Be3+ 28. Kxe2 Bxf4+ 29. Kd3 Re3+ 30. Kc4 Bd6 31. Bc1 Re1 32. Rb8+ Rf8 33. Rxf8+ Kxf8 34. Bxg5 Re2 35. Kd3 Rxh2 36. c4 Bxg3 37. a4 h5 38. c5 h4 39. d5 h3 40. Be3 Rg2 41. c6 h2 42. Bc5+ Ke8 43. d6 Bxd6 44. Bxd6 cxd6 0-1

[Event "SWE-ch Class 1 2019"]
[Site "Eskilstuna"]
[Date "2019.07.11"]
[Round "4.4"]
[White "Bjorkman, Filip"]
[Black "Attefall, Fredrik"]
[Result "1/2-1/2"]
[ECO "B01"]
[WhiteElo "1956"]
[BlackElo "2077"]
[Annotator "NA"]
[PlyCount "142"]
[EventDate "2019.07.06"]
[EventType "tourn"]
[EventCountry "SWE"]
[SourceTitle "playchess.com"]
[Source "ChessBase"]
[SourceQuality "1"]
[TimeControl "40/5400+30:1800+30"]

1. e4 d5 2. exd5 Qxd5 3. Nc3 Qa5 4. d4 Nf6 5. Bc4 Bg4 6. Nge2 e6 7. O-O Bd6 8. Nb5 O-O 9. c3 Be7 10. a4 c6 11. b4 Qd8 12. Na3 Nd5 13. Qb3 Nd7 14. h3 Bf5 15. Ng3 Bg6 16. Nc2 Bd6 17. Ne3 Qh4 18. Kh2 N7f6 19. Nxd5 exd5 20. Be2 Rae8 21. Ra2 Rxe2 22. Rxe2 Bd3 23. Qd1 Ng4+ 24. Kg1 Nxf2 25. Rexf2 Qxg3 26. Rf3 Qh2+ 27. Kf2 Bxf1 28. Qxf1 Re8 29. Be3 f5 30. Qb1 Re4 31. b5 Be7 32. Qf1 f4 33. bxc6 bxc6 34. Bxf4 Rxf4 35. Qa6 Bh4+ 36. Ke3 Rxf3+ 37. Kxf3 Qg3+ 38. Ke2 Qxg2+ 39. Kd1 Qf3+ 40. Kc2 Qe4+ 41. Kb2 Be7 42. Qxc6 Qe2+ 43. Kb1 Qc4 44. Qe8+ Bf8 45. Kb2 a6 46. h4 h6 47. h5 a5 48. Qa8 Qe2+ 49. Kb3 Qd1+ 50. Kb2 Qd2+ 51. Kb3 Qd1+ 52. Kb2 Qxh5 53. Qxa5 Qe2+ 54. Kb3 Qc4+ 55. Kb2 h5 56. Qa8 h4 57. Qe8 Qa6 58. Qd7 Qe2+ 59. Kb3 Qe4 60. a5 Qb1+ 61. Ka4 Qc2+ 62. Kb5 Qb3+ 63. Ka6 Qc4+ 64. Kb6 Qb3+ 65. Ka7 g6 66. a6 Qxc3 67. Qxd5+ Kh7 68. Qd8 Bg7 69. Qxh4+ Kg8 70. Qd8+ Kh7 71. Qh4+ Kg8 1/2-1/2

[Event "SWE-ch Class 1 2019"]
[Site "Eskilstuna"]
[Date "2019.07.11"]
[Round "4.5"]
[White "Arvidsson, Jonas"]
[Black "Jonsson, Krister"]
[Result "1-0"]
[ECO "C06"]
[WhiteElo "1965"]
[BlackElo "2068"]
[Annotator "NA"]
[PlyCount "43"]
[EventDate "2019.07.06"]
[EventType "tourn"]
[EventCountry "SWE"]
[SourceTitle "playchess.com"]
[Source "ChessBase"]
[SourceQuality "1"]
[TimeControl "40/5400+30:1800+30"]

1. e4 e6 2. d4 d5 3. Nd2 Nf6 4. e5 Nfd7 5. Bd3 c5 6. c3 Nc6 7. Ngf3 g6 8. h4 h6 9. Bc2 cxd4 10. cxd4 Qb6 11. Nb1 Nb4 12. Nc3 Nxc2+ 13. Qxc2 Bg7 14. Be3 Qa5 15. O-O Nb6 16. Nd2 Nc4 17. Nxc4 dxc4 18. Ne4 b5 19. Nd6+ Ke7 20. Bd2 Qa4 21. b3 Qa3 22. Nxb5 1-0

[Event "SWE-ch Class 1 2019"]
[Site "Eskilstuna"]
[Date "2019.07.11"]
[Round "4.6"]
[White "Muganlinskij, Hussein"]
[Black "Thollin, Robert"]
[Result "1-0"]
[ECO "A90"]
[WhiteElo "2022"]
[BlackElo "1983"]
[Annotator "NA"]
[PlyCount "125"]
[EventDate "2019.07.06"]
[EventType "tourn"]
[EventCountry "SWE"]
[SourceTitle "playchess.com"]
[Source "ChessBase"]
[SourceQuality "1"]
[TimeControl "40/5400+30:1800+30"]

1. d4 e6 2. Nf3 f5 3. g3 Nf6 4. Bg2 d5 5. O-O Bd6 6. b3 Qe7 7. c4 c6 8. Bf4 Bxf4 9. gxf4 O-O 10. Ne5 Kh8 11. Nd2 Rg8 12. Ndf3 Nbd7 13. e3 Ne4 14. Nxd7 Bxd7 15. Ne5 Nf6 16. Kh1 g5 17. fxg5 Rxg5 18. f4 Rg7 19. Bf3 Rag8 20. Qe2 Be8 21. Rg1 Nd7 22. Nxd7 Bxd7 23. Rxg7 Qxg7 24. Qf2 Qf6 25. Rg1 Rxg1+ 26. Qxg1 h6 27. Qe1 b6 28. Qb4 Kh7 29. Qd6 Be8 30. Qc7+ Qf7 31. Qb8 Qd7 32. a4 Bf7 33. Qe5 Be8 34. cxd5 exd5 35. b4 Bf7 36. a5 bxa5 37. bxa5 Qb7 38. Qxf5+ Bg6 39. Qe5 Qb1+ 40. Kg2 Qa2+ 41. Kg3 Qxa5 42. f5 Bf7 43. Qe7 Kg8 44. Kf4 Qd2 45. Qh4 Kh7 46. f6 Qd3 47. Qg4 Qg6 48. Ke5 a5 49. Bd1 Qxg4 50. Bxg4 a4 51. Bf5+ Kg8 52. Kd6 a3 53. Bb1 Be8 54. Ke7 Bh5 55. Ba2 Bg6 56. e4 Bf7 57. e5 c5 58. dxc5 d4 59. Bxf7+ Kh7 60. Ba2 d3 61. f7 d2 62. f8=Q d1=Q 63. Qg8# 1-0

[Event "SWE-ch Class 1 2019"]
[Site "Eskilstuna"]
[Date "2019.07.11"]
[Round "4.7"]
[White "Akerlund, Fredrik"]
[Black "Eriksson, Joel"]
[Result "1/2-1/2"]
[ECO "C02"]
[WhiteElo "1815"]
[BlackElo "1998"]
[Annotator "NA"]
[PlyCount "33"]
[EventDate "2019.07.06"]
[EventType "tourn"]
[EventCountry "SWE"]
[SourceTitle "playchess.com"]
[Source "ChessBase"]
[SourceQuality "1"]
[TimeControl "40/5400+30:1800+30"]

1. e4 e6 2. d4 d5 3. e5 c5 4. c3 Qb6 5. Nf3 Nc6 6. Bd3 cxd4 7. cxd4 Bd7 8. O-O Nxd4 9. Nxd4 Qxd4 10. Nc3 a6 11. Re1 Ne7 12. Be3 Qb4 13. Bd2 Qb6 14. Na4 Bxa4 15. Qxa4+ Nc6 16. Rac1 Be7 17. Qg4 1/2-1/2

[Event "SWE-ch Class 1 2019"]
[Site "Eskilstuna"]
[Date "2019.07.11"]
[Round "4.9"]
[White "Willinger, Tim"]
[Black "Karlsson, Roger"]
[Result "1-0"]
[ECO "D35"]
[WhiteElo "2053"]
[BlackElo "1915"]
[Annotator "NA"]
[PlyCount "64"]
[EventDate "2019.07.06"]
[EventType "tourn"]
[EventCountry "SWE"]
[SourceTitle "playchess.com"]
[Source "ChessBase"]
[SourceQuality "1"]
[TimeControl "40/5400+30:1800+30"]

1. d4 Nf6 2. c4 e6 3. Nc3 d5 4. cxd5 exd5 5. Bg5 c6 6. e3 Nbd7 7. Bd3 Be7 8. Nge2 Ne4 9. Bxe7 Qxe7 10. Bxe4 dxe4 11. Ng3 O-O 12. Ngxe4 f5 13. Nd2 f4 14. e4 c5 15. d5 Ne5 16. Qe2 b5 17. O-O-O b4 18. d6 Qg5 19. Nd5 f3 20. gxf3 Nxf3 21. Ne7+ Kh8 22. Nxc8 Raxc8 23. Kb1 Nd4 24. Qe3 Qf6 25. Nc4 Qe6 26. Rc1 Rf3 27. d7 Rcf8 28. Qg5 Qxe4+ 29. Ka1 Ne6 30. Qe7 Rxf2 31. Rhd1 R2f7 32. Qxf7 Nd4 1-0

[Event "SWE-ch Class 1 2019"]
[Site "Eskilstuna"]
[Date "2019.07.11"]
[Round "4.10"]
[White "Grundel, Sam"]
[Black "Johansson, Roland"]
[Result "1/2-1/2"]
[ECO "B35"]
[WhiteElo "2069"]
[BlackElo "2002"]
[Annotator "NA"]
[PlyCount "52"]
[EventDate "2019.07.06"]
[EventType "tourn"]
[EventCountry "SWE"]
[SourceTitle "playchess.com"]
[Source "ChessBase"]
[SourceQuality "1"]
[TimeControl "40/5400+30:1800+30"]

1. e4 c5 2. Nf3 Nc6 3. Nc3 g6 4. d4 cxd4 5. Nxd4 Bg7 6. Be3 Nf6 7. Bc4 O-O 8. Bb3 Ng4 9. Qxg4 Nxd4 10. Qd1 Nxb3 11. axb3 Bxc3+ 12. bxc3 Qc7 13. Qd3 d6 14. O-O a6 15. Rad1 Be6 16. f4 f5 17. Rf2 b5 18. Bd4 Rae8 19. Qh3 Bc8 20. exf5 Bxf5 21. g4 Bc8 22. f5 e5 23. fxe6 Rxf2 24. Kxf2 Rxe6 25. Rf1 Re4 26. Qf3 Qf7 1/2-1/2

[Event "SWE-ch Class 1 2019"]
[Site "Eskilstuna"]
[Date "2019.07.12"]
[Round "5.1"]
[White "Lyngsjo, Hakan"]
[Black "Bernhard, Jonathan"]
[Result "1/2-1/2"]
[ECO "C54"]
[WhiteElo "2029"]
[BlackElo "1917"]
[Annotator "NA"]
[PlyCount "29"]
[EventDate "2019.07.06"]
[EventType "tourn"]
[EventCountry "SWE"]
[SourceTitle "playchess.com"]
[Source "ChessBase"]
[SourceQuality "1"]
[TimeControl "40/5400+30:1800+30"]

1. e4 Nc6 2. Nf3 e5 3. Bc4 Bc5 4. c3 Nf6 5. d3 d6 6. Bb3 a5 7. Nbd2 O-O 8. Nf1 Ne7 9. Ng3 Ba7 10. Bg5 Ng4 11. d4 h6 12. Bc1 Ng6 13. h3 Nf6 14. O-O Re8 15. Re1 1/2-1/2

[Event "SWE-ch Class 1 2019"]
[Site "Eskilstuna"]
[Date "2019.07.12"]
[Round "5.2"]
[White "Nordstrom, Felix"]
[Black "Halvarsson, Peter"]
[Result "0-1"]
[ECO "B38"]
[WhiteElo "2064"]
[BlackElo "1903"]
[Annotator "NA"]
[PlyCount "102"]
[EventDate "2019.07.06"]
[EventType "tourn"]
[EventCountry "SWE"]
[SourceTitle "playchess.com"]
[Source "ChessBase"]
[SourceQuality "1"]
[TimeControl "40/5400+30:1800+30"]

1. e4 c5 2. Nf3 g6 3. d4 cxd4 4. Nxd4 Bg7 5. c4 Nc6 6. Be3 Nf6 7. Nc3 d6 8. Be2 Bd7 9. O-O O-O 10. Qd2 Rc8 11. f3 Re8 12. Rfd1 a5 13. Ndb5 Ne5 14. b3 Bc6 15. Rac1 Ned7 16. Qe1 Bxb5 17. Nxb5 a4 18. b4 Ra8 19. a3 Qc8 20. Rd2 h5 21. Qd1 b6 22. Nc3 Kh7 23. Ra2 h4 24. h3 Nh5 25. Nxa4 Qb7 26. Nc3 Be5 27. Qd2 Bg3 28. f4 Nhf6 29. Bf3 e5 30. f5 gxf5 31. exf5 e4 32. Be2 Rg8 33. Nb5 Qc6 34. Rd1 Ne5 35. Nd4 Qb7 36. Kh1 Rac8 37. Rc2 Qa8 38. Nb5 Rcd8 39. Bf1 Qa4 40. Rdc1 d5 41. Nc3 Qd7 42. Nxd5 Qxf5 43. Bxb6 Rd7 44. Rd1 Nh5 45. Be3 f6 46. Qc3 Rdg7 47. b5 Nf3 48. b6 Be5 49. Bf2 Qxh3+ 50. gxh3 Rg1+ 51. Bxg1 Rxg1# 0-1

[Event "SWE-ch Class 1 2019"]
[Site "Eskilstuna"]
[Date "2019.07.12"]
[Round "5.3"]
[White "Attefall, Fredrik"]
[Black "Kardell, Mathias"]
[Result "1/2-1/2"]
[ECO "A25"]
[WhiteElo "2077"]
[BlackElo "2064"]
[Annotator "NA"]
[PlyCount "29"]
[EventDate "2019.07.06"]
[EventType "tourn"]
[EventCountry "SWE"]
[SourceTitle "playchess.com"]
[Source "ChessBase"]
[SourceQuality "1"]
[TimeControl "40/5400+30:1800+30"]

1. c4 e5 2. Nc3 Nc6 3. g3 d6 4. Bg2 Be6 5. b3 f5 6. d4 Nxd4 7. Bxb7 Rb8 8. Bg2 Bd7 9. e3 Ne6 10. Nge2 Nf6 11. O-O g6 12. Qc2 Bg7 13. Bb2 O-O 14. Nd5 Ng4 15. Rad1 1/2-1/2

[Event "SWE-ch Class 1 2019"]
[Site "Eskilstuna"]
[Date "2019.07.12"]
[Round "5.4"]
[White "Forsberg, Andre"]
[Black "Bjorkman, Filip"]
[Result "0-1"]
[ECO "B33"]
[WhiteElo "1982"]
[BlackElo "1956"]
[Annotator "NA"]
[PlyCount "58"]
[EventDate "2019.07.06"]
[EventType "tourn"]
[EventCountry "SWE"]
[SourceTitle "playchess.com"]
[Source "ChessBase"]
[SourceQuality "1"]
[TimeControl "40/5400+30:1800+30"]

1. e4 c5 2. Nf3 Nc6 3. d4 cxd4 4. Nxd4 Nf6 5. Nc3 e5 6. Ndb5 d6 7. Bg5 a6 8. Na3 b5 9. Nd5 Be7 10. Bxf6 Bxf6 11. c4 b4 12. Nc2 O-O 13. Ncxb4 Nxb4 14. Nxb4 Qb6 15. Nd5 Qxb2 16. Bd3 Be6 17. O-O Bxd5 18. cxd5 Bd8 19. f4 exf4 20. Rxf4 Bf6 21. Rb1 Qd4+ 22. Kh1 Rab8 23. Bxa6 Qe5 24. Rf3 Qxe4 25. Bb7 Rfc8 26. Qd3 Qxd3 27. Rxd3 Rxb7 28. Re1 Ra7 29. Rde3 Be5 0-1

[Event "SWE-ch Class 1 2019"]
[Site "Eskilstuna"]
[Date "2019.07.12"]
[Round "5.5"]
[White "Muganlinskij, Hussein"]
[Black "Arvidsson, Jonas"]
[Result "1-0"]
[ECO "D03"]
[WhiteElo "2022"]
[BlackElo "1965"]
[Annotator "NA"]
[PlyCount "87"]
[EventDate "2019.07.06"]
[EventType "tourn"]
[EventCountry "SWE"]
[SourceTitle "playchess.com"]
[Source "ChessBase"]
[SourceQuality "1"]
[TimeControl "40/5400+30:1800+30"]

1. d4 Nf6 2. Bg5 e6 3. Nf3 d5 4. Nbd2 Be7 5. e3 O-O 6. Bd3 c5 7. c3 Nbd7 8. O-O a6 9. Rc1 b6 10. Qa4 Bb7 11. Ne5 b5 12. Qd1 h6 13. Bh4 Ne4 14. Bxe7 Qxe7 15. f4 Ndf6 16. Bxe4 Nxe4 17. Nd3 cxd4 18. cxd4 Rfc8 19. Nxe4 dxe4 20. Rxc8+ Rxc8 21. Nc5 Bd5 22. a3 a5 23. Qh5 f5 24. g4 Qf7 25. Qxf7+ Kxf7 26. h3 a4 27. Rc1 g6 28. Rc3 g5 29. Nxe4 Rxc3 30. Nxc3 Bc4 31. Kf2 Kf6 32. Kg3 Kg6 33. e4 Bf1 34. h4 fxg4 35. hxg5 h5 36. Kh4 Bc4 37. Nd1 Bd3 38. Nc3 Bc4 39. d5 exd5 40. f5+ Kf7 41. Nxd5 Bd3 42. Nf6 Bc2 43. Kg3 Bd3 44. Kf4 {[%emt 0:00:11] Ke8} 1-0

[Event "SWE-ch Class 1 2019"]
[Site "Eskilstuna"]
[Date "2019.07.12"]
[Round "5.6"]
[White "Eriksson, Joel"]
[Black "Carlsson, Gustav"]
[Result "1/2-1/2"]
[ECO "D00"]
[WhiteElo "1998"]
[BlackElo "1982"]
[Annotator "NA"]
[PlyCount "138"]
[EventDate "2019.07.06"]
[EventType "tourn"]
[EventCountry "SWE"]
[SourceTitle "playchess.com"]
[Source "ChessBase"]
[SourceQuality "1"]
[TimeControl "40/5400+30:1800+30"]

1. d4 Nf6 2. Bg5 d5 3. Bxf6 gxf6 4. c4 c6 5. Nc3 e5 6. e3 Be6 7. Qb3 Qb6 8. Nf3 e4 9. Nd2 Nd7 10. Qxb6 axb6 11. cxd5 cxd5 12. Bb5 Rg8 13. g3 Bd6 14. O-O-O Ke7 15. Kb1 f5 16. Rhg1 Nf6 17. Nb3 Ng4 18. Rg2 h5 19. Be2 Nf6 20. Rgg1 h4 21. Nb5 Bb8 22. Rc1 Bd7 23. Nc3 h3 24. Na1 Ke6 25. Nc2 Bd6 26. b3 Ng4 27. Bxg4 fxg4 28. Ne2 Rgc8 29. Nf4+ Bxf4 30. exf4 Rc3 31. Ne3 Rxc1+ 32. Rxc1 Kd6 33. Kb2 f5 34. a4 Ra5 35. Ka3 Ra8 36. Kb4 Ra6 37. Ra1 b5 38. a5 Rc6 39. Rd1 Rc8 40. Rd2 Rc1 41. Rd1 Rc8 42. Ra1 Rc6 43. Ka3 Ke6 44. Kb2 Ra6 45. Nd1 Kd6 46. Nc3 Ra8 47. Ra2 b4 48. Nd1 Kc6 49. Ne3 Be6 50. Nc2 Kb5 51. Ra4 Rxa5 52. Rxb4+ Ka6 53. Ra4 Rxa4 54. bxa4 Ka5 55. Ka3 b5 56. axb5 Kxb5 57. Kb3 Ka5 58. Nb4 Kb5 59. Kc3 Bf7 60. Nc2 Be6 61. Na1 Bd7 62. Nb3 Be6 63. Nc5 Bc8 64. Kb3 Ka5 65. Na4 Bd7 66. Nc3 Bc6 67. Ka3 Bb7 68. Na4 Ba6 69. Nc5 Bc8 1/2-1/2